 Dungeon Crawl Stone Soup version 0.19-a0-1091-g463c9de (webtiles) character file.

170 JustSomeDude the Shield-Bearer (level 5, -3/41 HPs)
             Began as a Demonspawn Fighter on Aug 7, 2016.
             Killed from afar by an orc wizard (6 damage)
             ... with a magic dart
             ... on level 3 of the Dungeon.
             The game lasted 00:06:34 (1644 turns).

JustSomeDude the Shield-Bearer (Demonspawn Fighter) Turns: 1644, Time: 00:06:34

Health: -3/41      AC: 10    Str: 15 (18) XL:     5   Next: 25%
Magic:  5/5        EV:  7    Int: 12 (14) God:
Gold:   66         SH:  8    Dex:  9 (12) Spells: 0 memorised, 4 levels left

rFire  . . .     SeeInvis .     a - +0 trident
rCold  . . .     Gourm    .     b - +0 scale mail
rNeg   . . .     Faith    .     c - +0 shield
rPois  .         Spirit   .     l - +0 helmet
rElec  .         Dismiss  .     (no cloak)
rCorr  .         Reflect  .     (no gloves)
SustAt .         Harm     .     (no boots)
MR     .....                    (no amulet)
Stlth  ..........               (no ring)
                                (no ring)

@: brilliant, very slightly contaminated, drained, invisible
A: hooves 1, icy blue scales 1, powered by pain 1
a: no special abilities


You were on level 3 of the Dungeon.
You were not hungry.

You visited 1 branch of the dungeon, and saw 3 of its levels.

You collected 66 gold pieces.

Inventory:

Hand Weapons
 a - a +0 trident (weapon)
Armour
 b - a +0 scale mail (worn)
 c - a +0 shield (worn)
 l - a +0 helmet (worn)
Jewellery
 r - an uncursed ring of poison resistance {unknown}
Scrolls
 d - a scroll of immolation {unknown}
 e - a scroll of magic mapping {unknown}
 h - 6 scrolls of identify {unknown}
 i - a scroll of enchant armour {unknown}
 m - a scroll of enchant weapon {unknown}
 o - 3 scrolls of remove curse {unknown}
 p - a scroll of amnesia {unknown}
 q - a scroll of teleportation {unknown}
 v - a scroll of recharging {unknown}
 w - a scroll of random uselessness {unknown}
Comestibles
 f - 2 bread rations
 n - 2 chunks of flesh
 u - a meat ration


   Skills:
 + Level 3.5(3.2) Fighting
 + Level 2.4(2.2) Polearms
 + Level 3.5(3.3) Armour
 + Level 1.8(1.6) Dodging
 + Level 0.2(0.0) Stealth
 + Level 3.6(3.4) Shields


You had 4 spell levels left.
You didn't know any spells.

Dungeon Overview and Level Annotations

Branches:
Dungeon (3/15)

Altars:
Elyvilon
Makhleb
Xom


Innate Abilities, Weirdness & Mutations

You have large cloven feet.
You are partially covered in icy blue scales. (AC +2)
You sometimes gain a little power by taking damage.


Message History

The orc priest is severely wounded.
The orc priest hits you with a flail of protection.
* * * LOW HITPOINT WARNING * * *
You closely miss the orc priest. Your kick misses the orc priest.
The orc priest is severely wounded.
The orc priest hits you with a flail of protection.
* * * LOW HITPOINT WARNING * * *
You hit the orc priest.
You kill the orc priest!
The giant gecko barely misses you.
You closely miss the giant gecko. The giant gecko barely misses you.
You hit the giant gecko.
The giant gecko is moderately wounded.
You block the giant gecko's attack. The giant gecko closely misses you.
You catch the helpless giant gecko completely off-guard!
You puncture the giant gecko!
You kill the giant gecko!
The orc wizard points at you and mumbles some strange words.
The magic dart hits you!
You die...

###....#.>#
#...#####.#
######.###
#.# #......#
#.# #.######
#.# ###.#
#.# #...#
#.#
###w####.###
#[..hoo)@#
#.....####
#.... #$..
#). #. #


You could see an orc wizard, a dart slug (wandering), an orc and a jackal.

Vanquished Creatures
  An orc priest (D:3)
  A hound (D:2)
  Natasha (D:2)
  3 adders (D:2)
  2 worms (D:2)
  2 dart slugs (D:2)
  6 giant geckos
  2 orcs (D:3)
  A ball python (D:2)
  A giant cockroach (D:1)
  4 goblins
  4 hobgoblins
  A quokka (D:2)
  3 bats (D:2)
  3 giant newts (D:2)
  8 kobolds
  5 rats
48 creatures vanquished.

Vanquished Creatures (others)
  3 jackals (D:3)
3 creatures vanquished.

Grand Total: 51 creatures vanquished

Notes
Turn   | Place    | Note
-------+----------+-------------------------------------------
     0 | D:1      | JustSomeDude the Demonspawn Fighter began the quest for the Orb.
     0 | D:1      | Reached XP level 1. HP: 18/18 MP: 1/1
   215 | D:1      | Gained mutation: You are partially covered in icy blue scales. (AC +2) [demonic ancestry]
   215 | D:1      | Reached XP level 2. HP: 12/24 MP: 2/2
   487 | D:2      | Gained mutation: You have large cloven feet. [demonic ancestry]
   487 | D:2      | Reached XP level 3. HP: 18/29 MP: 3/3
   490 | D:2      | Noticed Natasha
   499 | D:2      | HP: 1/29 [shadow imp[Natasha] (1)]
   500 | D:2      | Killed Natasha
   870 | D:2      | Reached skill level 1 in Dodging
   899 | D:2      | Found a white marble altar of Elyvilon.
   997 | D:2      | Reached XP level 4. HP: 35/35 MP: 4/4
  1071 | D:2      | Found a burning altar of Makhleb.
  1560 | D:3      | Found a shimmering altar of Xom.
  1562 | D:3      | Noticed a phantom
  1583 | D:3      | Gained mutation: You sometimes gain a little power by taking damage. [demonic ancestry]
  1583 | D:3      | Reached XP level 5. HP: 32/41 MP: 5/5
  1630 | D:3      | HP: 2/41 [orc priest/flail of protection (5)]
  1644 | D:3      | Killed from afar by an orc wizard

Vault maps used:
D:1:      dpeg_arrival_snail
D:2:      elyvilon_altar_4, first_bread, makhleb_heckhound_becter, uniq_natasha
D:3:      lemuel_crystal_altar, xom_teletrap_fun, lightli_corner_chamber

Skill      XL: |  1  2  3 |
---------------+----------+-----
Shields        | 3 |  3.6
Polearms       | 2 |  2.4
Armour         | 3 |  3.5
Dodging        | 1 |  1.8
Fighting       | |  3.5
Stealth        | |  0.2

Action                   |  1- 3 |  4- 6 || total
-------------------------+-------+-------++-------
Melee: Trident           |   117 |   128 ||   245
       Kick              |     5 |    28 ||    33
  Use: Potion            |     2 |     6 ||     8
 Stab: Invisible         |       |     3 ||     3
  Eat: Chunk             |     1 |     2 ||     3
Armor: Scale mail        |    58 |    61 ||   119
Dodge: Dodged            |    40 |    42 ||    82
Block: Shield            |    58 |    60 ||   118
